 Dungeon Crawl Stone Soup version 0.18-a0-1577-gf591c28 (console) character file.

182 Liam the Magician (level 5, -6/31 HPs)
             Began as a High Elf Wizard on Mar 22, 2016.
             Mangled by a crimson imp
             ... wielding a +0 dagger of chaos
              (19 damage)
             ... on level 3 of the Dungeon.
             The game lasted 00:04:08 (2677 turns).

Liam the Magician (High Elf Wizard)                 Turns: 2677, Time: 00:04:08

Health: -6/31      AC:  2    Str:  6    XL:     5   Next: 35%
Magic:  5/14       EV: 12    Int: 22    God:
Gold:   128        SH:  0    Dex: 14    Spells: 1 memorised, 14 levels left

rFire  . . .     SeeInvis .     (no weapon)
rCold  . . .     Gourm    .     a - +0 robe
rNeg   . . .     Faith    .     (no shield)
rPois  .         Spirit   .     b - +0 hat
rElec  .         Dismiss  .     (no cloak)
rCorr  .         Reflect  .     (no gloves)
SustAt .         Harm     .     (no boots)
MR     .....                    (no amulet)
Stlth  ++........               (no ring)
                                h - -2 ring of slaying (curse)

@: not resistant to hostile enchantments, unstealthy
A: no striking features
a: no special abilities


You were on level 3 of the Dungeon.
You were very hungry.

You visited 1 branch of the dungeon, and saw 3 of its levels.

You collected 128 gold pieces.

Inventory:

Armour
 a - a +0 robe (worn)
 b - a +0 hat (worn)
Jewellery
 h - a cursed -2 ring of slaying (left hand)
Scrolls
 e - 2 scrolls of teleportation {unknown}
 g - 4 scrolls of remove curse {unknown}
 j - a scroll of recharging {unknown}
 k - 3 scrolls of identify {unknown}
 o - 2 scrolls of fear {unknown}
 q - a scroll of enchant armour {unknown}
 r - a scroll of random uselessness {unknown}
 s - a scroll of immolation {unknown}
 u - a scroll of blinking {unknown}
Potions
 m - a potion of curing {unknown}
 n - a potion of resistance {unknown}
 p - 3 potions of heal wounds {unknown}
 t - a potion of mutation {unknown}
 v - a potion of brilliance {unknown}
Books
 c - a book of Minor Magic

   Spells                             Type                      Level
   a - Magic Dart                     Conjuration                  1
   b - Blink                          Translocation                2
   c - Call Imp                       Summoning                    2
   d - Repel Missiles                 Charms/Air                   2
   e - Slow                           Hexes                        2
   f - Conjure Flame                  Conjuration/Fire             3
   g - Mephitic Cloud                 Conjuration/Poison/Air       3
Comestibles
 d - a bread ration
 f - 3 meat rations
 i - a fruit
 l - a beef jerky


   Skills:
 - Level 2.1 Dodging
 - Level 2.1 Stealth
 + Level 5.6 Spellcasting
 + Level 4.0 Conjurations
   Level 0.8 Summonings
   Level 1.1 Translocations


You had 14 spell levels left.
You knew the following spells:

 Your Spells              Type           Power        Failure   Level  Hunger
a - Magic Dart            Conj           ###.         1%          1    None


Dungeon Overview and Level Annotations

Branches:
Dungeon (3/15)

Altars:
Makhleb
Pakellas
Ru
Xom
The Shining One


Message History

The crimson imp misses you.
Casting: Magic Dart
Confirm with . or Enter, or press ? or * to list all spells.
Aiming: Magic Dart
Press: ? - help, Shift-Dir - straight line, f/p - crimson imp
Aim: a crimson imp, wielding a dagger of chaos (heavily wounded)
The magic dart hits the crimson imp.
The crimson imp is heavily wounded.
The crimson imp completely misses you.
Casting: Magic Dart
Confirm with . or Enter, or press ? or * to list all spells.
Aiming: Magic Dart
Press: ? - help, Shift-Dir - straight line, f/p - crimson imp
Aim: a crimson imp, wielding a dagger of chaos (heavily wounded)
The magic dart hits the crimson imp.
The crimson imp is heavily wounded.
The crimson imp hits you but does no damage.
You are electrocuted!
Ouch! That really hurt!
You die...

#........†..####.####...####.#
#.....#.########.######.# #.#
#.....#.........÷.......# #.#
#...######..##....######## #.#
##### #..##......#....###.#
###.#####..#.#.##.#...# ####
#...#.._#..#.#.##.#.### ...###
#.#.'.[.#.##....#.#.####
.....#
#.#.#.5@#.##...........#
.....#
#...#####.##...........#
.....#
###...w...##...........#
.....# #.......##...........#
.....## #.......##...........#
.<....# ##########...........#
......# ####### #...........#
......# #.....# #........(..#
......# #.###.#
###...........#


You could see a crimson imp.

Vanquished Creatures
  A scorpion (D:3)
  7 adders
  4 worms
  A dart slug (D:1)
  3 giant geckos (D:1)
  2 orcs (D:3)
  9 bats
  4 giant cockroaches
  3 hobgoblins
  A ball python (D:3)
  3 giant newts
  5 goblins
  5 kobolds
  12 rats
60 creatures vanquished.

Notes
Turn   | Place    | Note
--------------------------------------------------------------
     0 | D:1      | Liam the High Elf Wizard began the quest for the Orb.
     0 | D:1      | Reached XP level 1. HP: 11/11 MP: 6/6
   207 | D:1      | Reached XP level 2. HP: 10/17 MP: 1/7
   300 | D:1      | Reached skill level 4 in Spellcasting
   452 | D:1      | Reached XP level 3. HP: 21/21 MP: 6/9
  1191 | D:2      | Reached XP level 4. HP: 27/27 MP: 2/11
  1300 | D:2      | Found an oddly glowing altar of Pakellas.
  1610 | D:2      | Found a glowing golden altar of the Shining One.
  1795 | D:3      | Reached skill level 5 in Spellcasting
  2028 | D:3      | Found a sacrificial altar of Ru.
  2573 | D:3      | Reached XP level 5. HP: 24/31 MP: 3/14
  2658 | D:3      | Found a burning altar of Makhleb.
  2660 | D:3      | Found a shimmering altar of Xom.
  2677 | D:3      | Mangled by a crimson imp

Vault maps used:
D:1:      mrwooster_arrival_statue, serial_bayou, serial_bayou_pond_c,
          serial_bayou_lake_a, serial_bayou_pond_c, serial_bayou_pond_e,
          monster_avoids_cloud
D:2:      tso_oasis_becter, minmay_misc_feat_square, grunt_pakellas_basics
D:3:      grunt_temple_overflow_champion_of_chaos,
          nicolae_ru_the_path_less_chosen

Skill      XL: |  1  2  3  4 |
---------------+-------------+-----
Spellcasting   | 4 5 |  5.6
Conjurations   | 2 4 |  4.0
Dodging        | |  2.1
Stealth        | |  2.1
Summonings     | |  0.8
Translocations | |  1.1

Action                   |  1- 3 |  4- 6 || total
-------------------------+-------+-------++-------
Melee: Unarmed           |    10 |    12 ||    22
 Cast: Magic Dart        |    75 |    96 ||   171
  Eat: Chunk             |     1 |     2 ||     3
       Fruit             |       |     1 ||     1
